 Dungeon Crawl Stone Soup version 0.27-a0-1431-gcffa5a9b16 (webtiles) character file.

Game seed: 2176626199777290127

146 wesbby the Insei (level 5, -1/41 HPs)
             Began as a Draconian Transmuter on July 2, 2021.
             Was a Follower of Yredelemnul.
             Succumbed to an orc wizard's poison
             ... on level 4 of the Dungeon.
             The game lasted 00:06:20 (3506 turns).

wesbby the Insei (Draconian Transmuter)             Turns: 3506, Time: 00:06:21

Health: -1/41      AC:  5    Str: 12    XL:     5   Next: 7%
Magic:  6/8        EV: 12    Int: 14    God:    Yredelemnul [*.....]
Gold:   110        SH:  5    Dex: 12    Spells: 5/8 levels left

rFire    . . .     SeeInvis .     - Unarmed
rCold    . . .     Faith    .   (no shield)
rNeg     . . .     Spirit   .   (armour unavailable)
rPois    .         Reflect  +   (helmet currently unavailable)
rElec    .         Harm     .   (no cloak)
rCorr    .         Rampage  .   (no gloves)
Will     .....                  (boots currently unavailable)
Stlth    +.........             c - amulet of reflection
HPRegen  0.13/turn              (no ring)
MPRegen  0.11/turn              (no ring)

@: lethally poisoned (-1 -> -19), appendages (expiring)
A: horns 2, talons 2, AC +5, unfitting armour, cold-blooded
a: End Transformation, Renounce Religion, Animate Remains


You were on level 4 of the Dungeon.
You worshipped Yredelemnul.
Yredelemnul was aware of your devotion.
You had temporarily grown beastly horns and talons.
You visited 1 branch of the dungeon, and saw 4 of its levels.

You collected 110 gold pieces.

Inventory:

Armour
 j - a +0 robe
Jewellery
 c - an amulet of reflection (around neck)
Scrolls
 a - 2 scrolls of amnesia {unknown}
 b - a scroll of magic mapping {unknown}
 d - a scroll of immolation {unknown}
 e - a scroll of enchant weapon {unknown}
 g - 2 scrolls of noise {unknown}
 i - a scroll of identify {unknown}
Potions
 f - a potion of invisibility {unknown}
 h - a potion of haste {unknown}


   Skills:
 * Level 2.1 Fighting
 + Level 2.4 Dodging
 + Level 0.5 Stealth
 + Level 0.6 Shields
 * Level 4.4 Unarmed Combat
 * Level 2.4 Spellcasting
 + Level 2.3 Transmutations


You had 5 spell levels left.
You knew the following spells:

 Your Spells              Type           Power      Damage    Failure   Level
a - Beastly Appendage     Tmut           16%        N/A       9%          1
b - Wereblood             Tmut           8%         N/A       13%         2

Your spell library contained the following spells:

 Spells                   Type           Power      Damage    Failure   Level
 Spider Form              Tmut/Pois      2%         N/A       38%         3
 Frozen Ramparts          Ice            2%         1d2       56%         3
 Ice Form                 Ice/Tmut       4%         N/A       80%         4
 Summon Ice Beast         Ice/Summ       1%         N/A       92%         4


Dungeon Overview and Level Annotations

Branches:
Dungeon (4/15)
 Temple: D:4-7

Altars:
Dithmenos
Yredelemnul


Innate Abilities, Weirdness & Mutations

You have temporarily grown beastly horns and talons.
Your plain brown scales are hard. (AC +5)
You cannot fit into any form of body armour.
You are cold-blooded and may be slowed by cold attacks.


Message History

You headbutt the hobgoblin, but do no damage.
The hobgoblin barely misses you.
You hit the hobgoblin.
The hobgoblin is almost dead.
The hobgoblin misses you.
You hit the hobgoblin.
You kill the hobgoblin!
Yredelemnul accepts your kill. The dart slug barely misses you.
You see here a hobgoblin corpse.
You hit the dart slug. Your kick misses the dart slug.
The dart slug is heavily wounded.
The orc wizard hits you but does no damage.
You are poisoned.
The dart slug closely misses you.
Your magical contamination has completely faded away.
You hit the dart slug but do no damage. You headbutt the dart slug.
You tail-slap the dart slug.
You kill the dart slug!
Yredelemnul accepts your kill.
You feel very sick.
The orc wizard hits you but does no damage.
You are lethally poisoned!
Your transformation is almost over.
* * * LOW HITPOINT WARNING * * *
You feel very sick.
You closely miss the orc wizard.
* * * LOW HITPOINT WARNING * * *
You feel very sick. The orc wizard barely misses you.
You closely miss the orc wizard.
You tail-slap the orc wizard, but do no damage.
* * * LOW HITPOINT WARNING * * *
You feel sick.
The orc wizard hits you with a +0 dagger of venom.
* * * LOW HITPOINT WARNING * * *
You are more poisoned.
You closely miss the orc wizard. Your headbutt misses the orc wizard.
You die...
Your body rises from the dead as a mindless zombie.

...........##..###..##.....
.........###...........#
.#......^.##.....##....#
.###......##....###........
#.......)..#...#+#..#...
#......##..#.###.##.....
.........#....##...##....
...........##.##.....##...
............).o@..♣ .#.
..#...........###...#
#............# ..#
#..#.#.#.#...# .#
#.###.....# # ......##
........+ ........#
.........


You could see an orc wizard.

Vanquished Creatures
  A hound zombie (D:3)
  5 adders
  An ufetubus (D:4)
  A worm (D:3)
  A dart slug (D:4)
  3 orcs
  5 endoplasms
  2 giant cockroaches
  7 goblins
  8 hobgoblins
  3 jackals (D:2)
  7 quokkas
  10 ball pythons
  5 bats
  2 frilled lizards
  8 kobolds
  4 rats
73 creatures vanquished.

Notes
Turn   | Place    | Note
-------+----------+-------------------------------------------
     0 | D:1      | wesbby the Draconian Transmuter began the quest for the
                  | Orb.
     0 | D:1      | Reached XP level 1. HP: 16/16 MP: 3/3
   270 | D:1      | Reached XP level 2. HP: 22/23 MP: 5/5
  1318 | D:2      | Reached XP level 3. HP: 10/28 MP: 4/6
  1328 | D:2      | Learned a level 2 spell: Wereblood
  2463 | D:3      | Reached XP level 4. HP: 32/36 MP: 7/7
  2562 | D:3      | Reached skill level 4 in Unarmed Combat
  3025 | D:3      | Found a faded altar of an unknown god.
  3033 | D:3      | Became a worshipper of Yredelemnul the Dark
  3033 | D:3      | Reached * piety under Yredelemnul
  3403 | D:4      | Found a shadowy altar of Dithmenos.
  3497 | D:4      | Reached XP level 5. HP: 17/41 MP: 5/8
  3506 | D:4      | Succumbed to an orc wizard's poison

Illustrated notes

Levels and vault maps discovered:
D:1:      lightli_arrival_chessboard, layout_basic
D:2:      layout_basic, minmay_cupped
D:3:      layout_loops_ring, shapermc_ecumenical_altar_gd,
          chequers_serial_rivers_micro_c
D:4:      layout_cave_pools, lemuel_round_altar, serial_shops, shop,
          grunt_ministairs_15

Skill      XL: |  1  2  3  4 |
---------------+-------------+-----
Dodging        | 2 |  2.4
Unarmed Combat | 4 |  4.4
Fighting       | 2 |  2.1
Stealth        | |  0.5
Shields        | |  0.6
Spellcasting   | |  2.4
Transmutations | |  2.3

Action                   |  1- 3 |  4- 6 || total
-------------------------+-------+-------++-------
Melee: Unarmed           |   174 |   123 ||   297
       Tailslap          |    12 |    14 ||    26
       Kick              |     7 |       ||     7
       Headbutt          |     2 |     5 ||     7
       Punch             |     2 |     3 ||     5
 Cast: Beastly Appendage |     5 |     2 ||     7
       Wereblood         |     1 |       ||     1
  Use: Potion            |     1 |       ||     1
 Stab: Sleeping          |       |     3 ||     3
Armor: Skin              |    41 |    28 ||    69
Dodge: Dodged            |   123 |    62 ||   185
Block: Other             |     8 |    27 ||    35
       Reflection        |     1 |       ||     1

Table legend: (Time is in decaauts)
 A = Elapsed time spent in this place.
 B = Non-inter-level travel time spent in this place.
 C = Inter-level travel time spent in this place.
 D = Time resting spent in this place.
 E = Time spent auto-exploring this place.
 F = Levels seen in this place.
 G = Mean time per level.
                   A        B        C        D        E       F      G
               +--------+--------+--------+--------+--------+-----+--------+
         Total |   3489 |   3365 |    124 |      0 |   2815 |   4 |  872.2 |
       Dungeon |   3489 |   3365 |    124 |      0 |   2815 |   4 |  872.2 |
               +--------+--------+--------+--------+--------+-----+--------+

Top non-repeatable levels by time:
     D:1: 1276 daAuts
     D:3: 1104 daAuts
     D:2: 970 daAuts
     D:4: 137 daAuts
